 Dungeon Crawl Stone Soup version 0.26-a0-642-g67e99244d3 (webtiles) character file.

Game seed: 11033468213958454600

1818 DogServant the Ruffian (level 8, 0/63 HPs)
             Began as a Pale Draconian Transmuter on Sept 22, 2020.
             Was an Initiate of Ru.
             Killed from afar by an orc wizard (7 damage)
             ... with a puff of flame
             ... on level 6 of the Dungeon.
             The game lasted 00:16:05 (9481 turns).

DogServant the Ruffian (Pale Draconian Transmuter)  Turns: 9481, Time: 00:16:05

Health: 0/63       AC:  2    Str: 13    XL:     8   Next: 85%
Magic:  19/22      EV: 19    Int: 15    God:    Ru [......]
Gold:   312        SH:  0    Dex: 17    Spells: 6/14 levels left

rFire    . . .     SeeInvis .     - Unarmed
rCold    . . .     Faith    .   (shield currently unavailable)
rNeg     . . .     Spirit   .   (armour unavailable)
rPois    x         Reflect  .   (helmet currently unavailable)
rElec    .         Harm     .   (cloak currently unavailable)
rCorr    .         Rampage  .   (gloves currently unavailable)
MR       .....                  (boots currently unavailable)
Stlth    ++........             (no amulet)
HPRegen  0.20/turn              n - ring of magical power
MPRegen  0.18/turn              (no ring)

@: spider-form, wereblooded
A: tiny, (breathe steam), unfitting armour, AC +6
a: End Transformation, Renounce Religion


You were on level 6 of the Dungeon.
You worshipped Ru.
Ru was noncommittal.
You were a venomous arachnid creature.
You visited 2 branches of the dungeon, and saw 7 of its levels.
You also visited: Sewer.

You collected 312 gold pieces.

Inventory:

Jewellery
 n - a ring of magical power (left front leg)
 r - a +4 ring of protection {unknown}
Wands
 e - a wand of paralysis (11)
 k - a wand of flame (18)
 p - a wand of random effects (26)
 s - a wand of iceblast (8)
 u - a wand of polymorph (8)
Scrolls
 c - 3 scrolls of remove curse
 h - 5 scrolls of magic mapping
 j - a scroll of fog
 l - 2 scrolls of teleportation
 m - a scroll of immolation
 o - a scroll of identify
 w - a scroll of noise {unknown}
Potions
 a - 2 potions of lignification
 b - 2 potions of heal wounds
 d - a potion of brilliance {unknown}
 f - a potion of mutation
 g - a potion of ambrosia
 i - 2 potions of might
 q - a potion of degeneration {unknown}
 t - 3 potions of haste {unknown}
 v - a potion of berserk rage {unknown}
 x - a potion of curing {unknown}


   Skills:
 - Level 3.3 Fighting
 - Level 1.7 Dodging
 + Level 7.0 Unarmed Combat
 + Level 3.5 Spellcasting
 + Level 6.6 Transmutations
 + Level 5.3 Poison Magic


You had 6 spell levels left.
You knew the following spells:

 Your Spells              Type           Power        Failure   Level
a - Beastly Appendage     Tmut           ###...       6%          1
b - Wereblood             Tmut           ###.....     8%          2
c - Spider Form           Tmut/Pois      ###.......   14%         3
d - Blink                 Tloc           N/A          50%         2

Your spell library contained the following spells:

 Spells                   Type           Power        Failure   Level
 Magic Dart               Conj           #...         38%         1
 Shock                    Conj/Air       #...         38%         1
 Call Imp                 Summ           #.......     50%         2
 Slow                     Hex            #.......     50%         2
 Swiftness                Air            #.......     50%         2
 Mephitic Cloud           Conj/Pois/Air  #.......     50%         3
 Blade Hands              Tmut           ###.......   56%         5
 Ice Form                 Ice/Tmut       ##......     65%         4
 Conjure Flame            Conj/Fire      #.......     71%         3
 Static Discharge         Conj/Air       #.......     71%         3
 Airstrike                Air            #.........   96%         4
 Lightning Bolt           Conj/Air       #.........   100%        5


Dungeon Overview and Level Annotations

Branches:
Dungeon (6/15)             Temple (1/1) D:4           Sewer (visited)

Altars:
Ashenzari
Dithmenos
Fedhas
Hepliaklqana
Kikubaaqudgha
Nemelex Xobeh
Okawaru
Qazlal
Ru
Sif Muna
Uskayaw
Zin
Lugonu

Annotations:
D:4 3 runed translucent doors, tape's ghost, amateur OpFi


Innate Abilities, Weirdness & Mutations

((You can breathe blasts of scalding, opaque steam.))
((Your pale cyan-grey scales are hard. (AC +6)))
You cannot fit into any form of body armour.
((You are cold-blooded and may be slowed by cold attacks.))


Message History

The orc warrior is lightly wounded.
You hiss as the wereblood boils in your veins!
You hear some strange, mumbled words.
A puff of flame appears from out of thin air!
The puff of flame hits you. The orc completely misses you.
Something barely misses you. The orc warrior barely misses you.
You barely miss the orc warrior.
The orc warrior is lightly wounded.
You hear some strange, mumbled words.
A puff of frost appears from out of thin air!
The puff of frost hits you!
* * * LOW HITPOINT WARNING * * *
The orc barely misses you. Something barely misses you.
The orc warrior hits you from afar with a +0 trident!
* * * LOW HITPOINT WARNING * * *
You hear some strange, mumbled words.
A puff of flame appears from out of thin air!
The puff of flame hits you!
You die...

#..#..... #####/.#####
........... ..........
..# ....>.... ..#
.......o## .# ..#
#oo##.# ##.# ##{##.#
.#.# #.s#.# .#.#
##.#.#
.#.#############...#
.).................#
.#.#############...###
.#.# #<#>..# ...#
#.#.### .### #.#.# .#
#.#.#


You could see an orc warrior (very poisoned) and 2 orcs.

Vanquished Creatures
  Pikel (D:5)
  Edmund (D:4)
  A phantom (D:5)
  A centaur (D:6)
  4 lemures (D:5)
  4 big kobolds
  A bullfrog (D:5)
  A centaur skeleton (D:4)
  3 hounds (D:5)
  Crazy Yiuf (D:5)
  Ijyb (D:4)
  2 iguanas
  8 orc wizards
  A worker ant (D:4)
  A howler monkey skeleton (D:4)
  3 river rats (Sewer)
  10 adders
  A shadow imp (D:5)
  8 oozes
  2 adder skeletons
  2 worms
  3 dart slugs
  6 leopard geckos
  11 orcs
  7 ball pythons
  4 giant cockroaches
  5 goblins (D:2)
  14 hobgoblins
  4 jackals (D:2)
  16 kobolds
  5 bats
  7 frilled lizards
  11 rats
150 creatures vanquished.

Vanquished Creatures (others)
  4 plants (D:4)
4 creatures vanquished.

Grand Total: 154 creatures vanquished

Notes
Turn   | Place    | Note
-------+----------+-------------------------------------------
     0 | D:1      | DogServant the Draconian Transmuter began the quest for the
                  | Orb.
     0 | D:1      | Reached XP level 1. HP: 16/16 MP: 3/3
   210 | D:1      | Reached XP level 2. HP: 19/23 MP: 3/5
   704 | D:2      | Reached XP level 3. HP: 16/29 MP: 6/6
  1114 | D:2      | Found a faded altar of an unknown god.
  1146 | D:2      | Found a hide-covered altar of Uskayaw.
  1307 | D:2      | Learned a level 2 spell: Wereblood
  1324 | D:2      | Reached XP level 4. HP: 33/37 MP: 3/7
  1735 | D:3      | Found a glowing drain.
  1849 | Sewer    | Entered a sewer
  2029 | Sewer    | Noticed a big kobold
  2058 | Sewer    | Killed a big kobold
  2058 | Sewer    | Reached skill level 4 in Unarmed Combat
  2058 | Sewer    | Reached XP level 5. HP: 36/45 MP: 8/8
  2078 | Sewer    | Learned a level 3 spell: Spider Form
  2355 | Sewer    | Reached skill level 1 in Poison Magic
  2355 | Sewer    | Reached XP level 6. HP: 40/51 MP: 9/9
  2359 | Sewer    | Learned a level 2 spell: Blink
  4181 | D:3      | Reached skill level 5 in Unarmed Combat
  4616 | D:4      | Found a runed translucent gate.
  4616 | D:4      | Found a runed translucent gate.
  4616 | D:4      | Noticed tape's ghost (amateur OpFi)
  4617 | D:4      | Found a runed translucent gate.
  4688 | D:4      | Noticed Edmund
  4690 | D:4      | Found a staircase to the Ecumenical Temple.
  4986 | D:4      | Found a shattered altar of Ashenzari.
  5009 | D:4      | Your scales start taking on a pale cyan-grey colour.
  5009 | D:4      | Reached XP level 7. HP: 41/57 MP: 10/10
  5420 | D:4      | Reached skill level 5 in Transmutations
  5937 | D:4      | Noticed Ijyb
  5948 | D:4      | Killed Ijyb
  6426 | D:4      | Killed Edmund
  6426 | D:4      | Reached skill level 6 in Unarmed Combat
  6675 | D:5      | Entered Level 5 of the Dungeon
  6754 | D:5      | Reached XP level 8. HP: 54/63 MP: 11/11
  6976 | D:5      | Found a runed translucent door.
  6977 | D:5      | Noticed Crazy Yiuf
  7098 | D:5      | Noticed Pikel
  7311 | D:5      | Killed Pikel
  7949 | Temple   | Entered the Ecumenical Temple
  8061 | Temple   | Became a worshipper of Ru the Awakened
  8240 | D:5      | Reached skill level 5 in Poison Magic
  8805 | D:5      | Killed Crazy Yiuf
  9088 | D:6      | Reached skill level 7 in Unarmed Combat
  9390 | D:6      | Found a glowing silver altar of Zin.
  9481 | D:6      | Killed from afar by an orc wizard

Illustrated notes

Levels and vault maps discovered:
D:1:      minmay_arrival_plants_in_alcoves, layout_basic
D:2:      cheibrodos_greedy_goblins, layout_rooms,
          lemuel_coloured_pillars_altar, chequers_ecumenical_altar_simple_redux
D:3:      layout_loops_corners, portal_sewer_entry_c
D:4:      layout_basic, ashenzari_altar_1, lemuel_temple_firewalk_a,
          gammafunk_ghost_nasty_kobolds, grunt_ministairs_8,
          lexackson_kobold_supper, uniq_ijyb, uniq_edmund
D:5:      layout_basic, hex_tiny, st_stairs_1, grunt_ministairs_7,
          uniq_crazy_yiuf_cottage, uniq_pikel
D:6:      layout_basic, lemuel_doored_altar, gammafunk_ghost_mausoleum,
          minmay_lizard_king, uniq_duvessa, uniq_maggie
Temple:   kb_corrupted_temple

Skill      XL: |  1  2  3  4  5  6  7  8 |
---------------+-------------------------+-----
Fighting       | 2 3 |  3.3
Transmutations | 3 4 5 6 |  6.6
Unarmed Combat | 4 5 6 7 |  7.0
Poison Magic   | 1 2 4 5 |  5.3
Spellcasting   | 3 |  3.5
Dodging        | |  1.7

Action                   |  1- 3 |  4- 6 |  7- 9 || total
-------------------------+-------+-------+-------++-------
Melee: Unarmed           |   100 |   257 |   188 ||   545
       Headbutt          |    13 |    30 |    20 ||    63
       Kick              |    10 |    37 |    33 ||    80
       Tailslap          |     9 |    18 |    15 ||    42
       Punch             |       |     4 |     1 ||     5
 Cast: Beastly Appendage |    26 |    36 |    17 ||    79
       Wereblood         |     1 |     1 |     4 ||     6
       Spider Form       |       |       |     6 ||     6
 Abil: Breathe Steam     |       |       |     2 ||     2
Evoke: Wand              |       |     1 |     1 ||     2
  Use: Scroll            |       |    15 |       ||    15
       Potion            |       |       |     2 ||     2
 Stab: Sleeping          |       |     1 |     1 ||     2
Armor: Skin              |    31 |    69 |    44 ||   144
Dodge: Dodged            |    67 |   140 |   112 ||   319

Table legend: (Time is in decaauts)
 A = Elapsed time spent in this place.
 B = Non-inter-level travel time spent in this place.
 C = Inter-level travel time spent in this place.
 D = Time resting spent in this place.
 E = Time spent auto-exploring this place.
 F = Levels seen in this place.
 G = Mean time per level.
                   A        B        C        D        E       F      G
               +--------+--------+--------+--------+--------+-----+--------+
         Total |   9595 |   9008 |    587 |   3160 |   4507 |   8 | 1199.4 |
       Dungeon |   7713 |   7161 |    552 |   2463 |   3708 |   6 | 1285.5 |
        Temple |    129 |     95 |     34 |      0 |     76 |   1 |  129.0 |
         Sewer |   1752 |   1752 |      0 |    697 |    723 |   1 | 1752.0 |
               +--------+--------+--------+--------+--------+-----+--------+

Top non-repeatable levels by time:
     D:4: 2271 daAuts
     D:5: 2003 daAuts
   Sewer: 1752 daAuts
     D:3: 1463 daAuts
     D:2: 877 daAuts
     D:1: 692 daAuts
     D:6: 405 daAuts
  Temple: 129 daAuts
